 Dungeon Crawl Stone Soup version 0.29-a0-283-ga02f740833 (webtiles) character file.

Game seed: 8832266233301696144

470 bande the Chopper (level 7, -4/44 HPs)
             Began as a Gargoyle Fighter on Mar 13, 2022.
             Slain by an ogre
             ... wielding a +0 giant spiked club
              (28 damage)
             ... on level 4 of the Dungeon.
             The game lasted 00:06:34 (3612 turns).

bande the Chopper (Gargoyle Fighter)                Turns: 3612, Time: 00:06:35

Health: -4/44      AC: 11    Str: 19    XL:     7   Next: 9%
Magic:  7/7        EV:  9    Int:  9    God:
Gold:   196        SH:  6    Dex: 11    Spells: 6/6 levels left

rFire   . . .      SeeInvis .   a - +0 war axe (freeze)
rCold   . . .      Faith    .   c - +1 buckler
rNeg    + + .      Spirit   .   b - +0 scale mail
rPois   ∞          Reflect  .   (no helmet)
rElec   +          Harm     .   (no cloak)
rCorr   .          Rampage  .   (no gloves)
Will    .....                   (no boots)
Stlth   ..........              g - amulet of regeneration
HPRegen 0.94/turn               k - ring of positive energy
MPRegen 0.10/turn               (no ring)

@: no status effects
A: sickness immunity, AC +4, negative energy resistance 1, electricity
resistance, torment resistance 1, petrification resistance
a: no special abilities


You were on level 4 of the Dungeon.
You visited 1 branch of the dungeon, and saw 4 of its levels.

You collected 196 gold pieces.

Inventory:

Hand Weapons
 a - a +0 war axe of freezing (weapon)
Armour
 b - a +0 scale mail (worn)
 c - a +1 buckler (worn)
Jewellery
 g - an amulet of regeneration (around neck)
 i - a ring of fire
 k - a ring of positive energy (left hand)
Wands
 q - a wand of iceblast (8)
Scrolls
 d - a scroll of fear
 l - a scroll of brand weapon
 o - a scroll of enchant armour
 r - a scroll of silence
 s - a scroll of enchant weapon {unknown}
Potions
 e - 2 potions of haste
 f - a potion of attraction {unknown}
 h - a potion of invisibility {unknown}
 j - 2 potions of flight
 m - 2 potions of berserk rage
 n - a potion of heal wounds {unknown}
 p - a potion of mutation {unknown}


   Skills:
 + Level 4.7 Fighting
 + Level 4.9 Axes
 + Level 4.3 Armour
 + Level 4.4 Shields
 * Level 0.2 Evocations


You had 6 spell levels left.
You didn't know any spells.
Your spell library contained the following spells:

 Spells                   Type           Power      Damage    Failure   Level
 Corpse Rot               Necr/Air       0%         N/A       92%         2
 Ensorcelled Hibernation  Hex/Ice        0%         N/A       92%         2
 Poisonous Vapours        Pois/Air       0%         N/A       92%         2
 Conjure Flame            Conj/Fire      0%         6-21      99%         3
 Ignite Poison            Fire/Tmut/Pois 0%         N/A       99%         3
 Inner Flame              Hex/Fire       0%         N/A       99%         3
 Spider Form              Tmut/Pois      0%         N/A       99%         3
 Anguish                  Hex/Necr       0%         N/A       100%        4
 Cause Fear               Hex            0%         N/A       100%        4
 Hailstorm                Conj/Ice       0%         3d3       100%        4
 Ice Form                 Ice/Tmut       0%         N/A       100%        4
 Sticky Flame             Conj/Fire      0%         2d3       100%        4
 Simulacrum               Ice/Necr       0%         N/A       100%        6
 Discord                  Hex            0%         N/A       100%        8


Dungeon Overview and Level Annotations

Branches:
Dungeon (4/15)
 Temple: D:4-7

Altars:
Trog
Yredelemnul

Shops:
D:3 (


Innate Abilities, Weirdness & Mutations

You are immune to sickness and miasma.
Your stone body is resilient. (AC +4)
You are immune to poison.
You resist negative energy. (rN+)
You are resistant to electric shocks. (rElec)
You are resistant to unholy torment.
You are immune to petrification.


Message History

No target in view!
No target in view!
No target in view!
No target in view!
No target in view!
No target in view!
No target in view!
s - a scroll labelled CURAAL LOCU An ogre comes into view.
It is wielding a +0 giant spiked club.
The ogre shouts!
An endoplasm comes into view.
You barely miss the ogre.
The endoplasm quivers.
The ogre hits you with a +0 giant spiked club!
You completely miss the ogre. You block the ogre's attack.
You barely miss the ogre. You block the ogre's attack.
You barely miss the ogre.
The endoplasm jiggles.
You barely miss the ogre.
The ogre hits you with a +0 giant spiked club!
You hit the ogre. You freeze the ogre.
The ogre is lightly wounded.
You block the ogre's attack.
You hit the ogre but do no damage.
The ogre is lightly wounded.
The ogre hits you with a +0 giant spiked club.
You hit the ogre. You freeze the ogre.
The ogre is heavily wounded.
The ogre barely misses you.
You hit the ogre. You freeze the ogre.
The ogre is almost dead.
The ogre hits you with a +0 giant spiked club.
You hit the ogre. You freeze the ogre.
The ogre is almost dead.
You block the ogre's attack.
You barely miss the ogre.
The ogre is almost dead.
The ogre hits you with a +0 giant spiked club!!
Ouch! That really hurt!
You die...

####.#...# #...##......
........## #...####....
####.#### #.#.#.......
.....# #.#.#.##.###
.#.### #######.#.#.##.#
...# #.........#.##.#
#### #.#####.....##.#
#.# #...######.# #@#
#.#.# #.# ## #O#
#.#.######.# .. #J#
#..........# ####### #.#
###.######## ......# #.#
#.# .##.#.# ..# #.#
.##...################.#
###.......##...........#
#######.##.###########


You could see an ogre and an endoplasm.

Vanquished Creatures
  Sigmund (D:2)
  An ogre (D:3)
  An iguana (D:4)
  An orc wizard (D:3)
  A howler monkey zombie (D:3)
  8 adders
  2 adder zombies (D:3)
  A worm (D:2)
  A dart slug (D:4)
  7 orcs
  5 ball pythons
  7 endoplasms
  8 giant cockroaches
  5 goblins
  12 hobgoblins
  5 jackals
  7 kobolds
  4 quokkas
  4 bats
  3 frilled lizards
  5 rats
89 creatures vanquished.

Notes
Turn   | Place    | Note
-------+----------+-------------------------------------------
     0 | D:1      | bande the Gargoyle Fighter began the quest for the Orb.
     0 | D:1      | Reached XP level 1. HP: 14/14 MP: 1/1
   480 | D:1      | Reached XP level 2. HP: 19/19 MP: 2/2
  1171 | D:2      | Reached XP level 3. HP: 24/24 MP: 3/3
  1710 | D:2      | Noticed Sigmund
  1715 | D:2      | Reached XP level 4. HP: 28/29 MP: 4/4
  1725 | D:2      | Killed Sigmund
  1726 | D:2      | Reached XP level 5. HP: 29/34 MP: 5/5
  1900 | D:2      | Reached XP level 6. HP: 37/39 MP: 6/6
  2510 | D:3      | Found a bloodstained altar of Trog.
  2521 | D:3      | Found Dilath's Antique Weapon Emporium.
  2922 | D:3      | Found a basalt altar of Yredelemnul.
  3135 | D:4      | Reached XP level 7. HP: 44/44 MP: 7/7
  3612 | D:4      | Slain by an ogre

Illustrated notes

Levels and vault maps discovered:
D:1:      elethiomel_arrival_quiet, layout_loops_ring
D:2:      minmay_door_path, layout_loops_ring, dk_noncrumbling_4,
          kennysheep_generic_room_16, uniq_sigmund
D:3:      layout_basic, mainiacjoe_overflow_six_doors_small,
          nicolae_yredelemnul_corpse_copse, serial_shops, nicolae_shop_trees
D:4:      layout_basic

Skill      XL: |  1  2  3  4  5  6 |
---------------+-------------------+-----
Axes           | 2 3 4 |  4.9
Fighting       | 4 |  4.7
Armour         | 4 |  4.3
Shields        | 4 |  4.4
Evocations     | |  0.2

Action                   |  1- 3 |  4- 6 |  7- 9 || total
-------------------------+-------+-------+-------++-------
Melee: War axe           |   105 |   141 |    32 ||   278
  Use: Scroll            |     4 |     6 |     1 ||    11
       Potion            |     1 |       |       ||     1
Armor: Scale mail        |    58 |    89 |     8 ||   155
Dodge: Dodged            |    53 |    72 |     9 ||   134
Block: Buckler           |    40 |    41 |     9 ||    90

Table legend: (Time is in decaauts)
 A = Elapsed time spent in this place.
 B = Non-inter-level travel time spent in this place.
 C = Inter-level travel time spent in this place.
 D = Time resting spent in this place.
 E = Time spent auto-exploring this place.
 F = Levels seen in this place.
 G = Mean time per level.
                   A        B        C        D        E       F      G
               +--------+--------+--------+--------+--------+-----+--------+
         Total |   3715 |   3602 |    113 |    457 |   2442 |   4 |  928.8 |
       Dungeon |   3715 |   3602 |    113 |    457 |   2442 |   4 |  928.8 |
               +--------+--------+--------+--------+--------+-----+--------+

Top non-repeatable levels by time:
     D:1: 1166 daAuts
     D:2: 1102 daAuts
     D:3: 806 daAuts
     D:4: 640 daAuts
